 Dungeon Crawl Stone Soup version 0.21.0-25-ge575cb9ce8 (webtiles) character file.

88 GuyWithAPlan the Scratcher (level 4, 0/19 HPs)
             Began as a Felid Transmuter on Jan 25, 2018.
             Slain by a hound (1 damage)
             ... on level 4 of the Dungeon.
             The game lasted 00:09:26 (3559 turns).

GuyWithAPlan the Scratcher (Felid Transmuter)       Turns: 3559, Time: 00:09:27

Health: 0/19       AC:  1    Str:  6    XL:     4   Next: 30%
Magic:  8/8        EV: 18    Int: 14    God:
Gold:   141        SH:  0    Dex: 18    Spells: 6/7 levels left
                                        Lives:  0   Deaths: 1

rFire    . . .     SeeInvis +     - Unarmed
rCold    . . .     Gourm    .   (shield unavailable)
rNeg     + . .     Faith    .   (armour unavailable)
rPois    .         Spirit   .   (helmet unavailable)
rElec    .         Reflect  .   (cloak unavailable)
rCorr    .         Harm     .   (gloves unavailable)
MR       .....                  (boots unavailable)
Stlth    ++........             (no amulet)
HPRegen  0.06/turn              j - ring of positive energy
MPRegen  0.11/turn              (no ring)

@: appendage (expiring), very slightly contaminated, quick
A: very small, no armour, no weapons or thrown items, stealth, claws 1, fangs 3,
horns 2, see invisible, carnivore, speed 1, shaggy fur 1, slow metabolism 1,
sharp paws
a: End Transformation


You were on level 4 of the Dungeon.
You were not hungry.
You had grown temporary horns.
You visited 1 branch of the dungeon, and saw 4 of its levels.

You collected 141 gold pieces.

Inventory:

Missiles
 a - 63 arrows
Jewellery
 j - a ring of positive energy (left paw)
Wands
 n - a wand of flame (17)
Scrolls
 e - 2 scrolls of identify {unknown}
 f - 2 scrolls of remove curse {unknown}
 i - 3 scrolls of teleportation {unknown}
 m - 2 scrolls of enchant armour {unknown}
Potions
 d - 2 potions of heal wounds
 g - a potion of brilliance {unknown}
 h - a potion of degeneration {unknown}
 k - 2 potions of curing {unknown}
 l - 2 potions of invisibility {unknown}
 o - a potion of flight {unknown}
Books
 b - a book of Changes

   Spells                             Type                      Level
   a - Beastly Appendage              Transmutation                1
   b - Sticks to Snakes               Transmutation                2
   c - Spider Form                    Transmutation/Poison         3
   d - Ice Form                       Ice/Transmutation            4
   e - Blade Hands                    Transmutation                5
Comestibles
 c - 4 rations


   Skills:
 - Level 1.0 Fighting
 - Level 2.6 Dodging
 + Level 6.0 Unarmed Combat
 - Level 2.1 Spellcasting
 - Level 2.1 Transmutations


You had 6 spell levels left.
You knew the following spells:

 Your Spells              Type           Power        Failure   Level  Hunger
a - Beastly Appendage     Tmut           #.....       10%         1    ##.....


Dungeon Overview and Level Annotations

Branches:
Dungeon (4/15)
 Temple: D:4-7

Altars:
Uskayaw

Annotations:
D:4 exclusion: iguana, Edmund


Innate Abilities, Weirdness & Mutations

You cannot wear armour.
You are incapable of wielding weapons or throwing items.
Your paws allow you to move quietly. (Stealth)
You have sharp claws.
You have razor-sharp teeth.
You have supernaturally acute eyesight. (SInv)
You are carnivorous and can eat meat at any time.
You cover ground quickly.
You are covered in fur. (AC +1)
You have a slow metabolism.
Your sharp claws are effective at attacking unaware monsters.
You have a pair of horns on your head.


Message History

Your transformation is almost over.
The hound closely misses you. x2
You barely miss the hound.
The hound is almost dead.
The hound misses you.
You closely miss the hound. Your headbutt misses the hound.
The hound is almost dead.
The hound misses you.
You barely miss the hound. Your headbutt misses the hound.
Your bite misses the hound.
The hound is almost dead.
The hound completely misses you. The hound bites you.
* * * LOW HITPOINT WARNING * * *
You closely miss the hound.
The hound is almost dead.
The hound completely misses you.
You scratch the hound but do no damage. Your bite misses the hound.
The hound is almost dead.
The hound bites you.
You die...

......#.#.#.#.#
+.........)..>..#.#
#.........#######.#
.........#.......#
........#.#######
.......#.#
......#.# #.h...#.#
#@# #.#
#####'#####.###
#.............#
#.............#
#.............# ..#
#.............# ..#
#.............# ..#
#.............# ..#
###############


You could see a hound.

Vanquished Creatures
  A hound (D:3)
  5 adders
  2 oozes
  2 worms
  2 dart slugs (D:1)
  3 leopard geckos
  7 orcs
  A ball python (D:2)
  6 bats
  3 giant cockroaches
  11 goblins
  8 hobgoblins
  5 jackals (D:3)
  3 frilled lizards
  10 kobolds
  4 rats
73 creatures vanquished.

Notes
Turn   | Place    | Note
-------+----------+-------------------------------------------
     0 | D:1      | GuyWithAPlan the Felid Transmuter began the quest for the Orb.
     0 | D:1      | Reached XP level 1. HP: 9/9 MP: 4/4
   323 | D:1      | Reached XP level 2. HP: 8/12 MP: 4/6
   772 | D:2      | Reached skill level 4 in Unarmed Combat
   866 | D:1      | Reached XP level 3. HP: 13/15 MP: 5/7
  1118 | D:2      | Found a hide-covered altar of Uskayaw.
  2131 | D:3      | Reached XP level 4. HP: 18/19 MP: 6/8
  2237 | D:3      | Reached skill level 5 in Unarmed Combat
  3196 | D:3      | Reached XP level 5. HP: 22/22 MP: 7/9
  3370 | D:4      | Reached skill level 6 in Unarmed Combat
  3399 | D:4      | Noticed Edmund
  3521 | D:4      | Killed from afar by an orc wizard
  3522 | D:4      | Reached XP level 4. HP: -3/19 MP: 8/8
  3559 | D:4      | Slain by a hound

Skill      XL: |  1  2  3  4  5 |
---------------+----------------+-----
Unarmed Combat | 4 5 6 |  6.0
Fighting       | |  1.0
Dodging        | |  2.6
Spellcasting   | |  2.1
Transmutations | |  2.1

Action                   |  1- 3 |  4- 6 || total
-------------------------+-------+-------++-------
Melee: Unarmed           |   107 |   105 ||   212
       Bite              |     9 |     9 ||    18
       Headbutt          |    13 |    15 ||    28
       Punch             |     1 |     1 ||     2
 Cast: Beastly Appendage |    29 |    27 ||    56
Evoke: Wand              |       |     1 ||     1
  Use: Potion            |       |     1 ||     1
 Stab: Sleeping          |     4 |     3 ||     7
  Eat: Chunk             |     2 |     4 ||     6
Armor: Skin              |     1 |     3 ||     4
Dodge: Dodged            |    69 |    74 ||   143
